 Dungeon Crawl Stone Soup version 0.28.0-1-gb440e238dd (webtiles) character file.

Game seed: 17335382942342902817

2284 pkoi the Martial Artist (level 9, -6/75 HPs)
             Began as a Yellow Draconian Monk on Feb 22, 2022.
             Was a Believer of Sif Muna.
             Blown up by Psyche (18 damage)
             ... with a mindburst bolt
             ... on level 8 of the Dungeon.
             The game lasted 00:12:38 (11389 turns).

pkoi the Martial Artist (Yellow Draconian Monk)    Turns: 11389, Time: 00:12:38

Health: -6/75      AC:  0    Str: 14    XL:     9   Next: 17%
Magic:  10/10      EV: 17    Int: 14    God:    Sif Muna [**....]
Gold:   318        SH:  0    Dex: 14    Spells: 4/10 levels left

rFire   . . .      SeeInvis .     - Unarmed
rCold   . . .      Faith    .   (shield currently unavailable)
rNeg    . . .      Spirit   .   (armour unavailable)
rPois   .          Reflect  .   (helmet currently unavailable)
rElec   .          Harm     .   (cloak currently unavailable)
rCorr   .          Rampage  .   (gloves currently unavailable)
Will    .....      Clarity  +   (boots currently unavailable)
Stlth   ++........              (no amulet)
HPRegen 0.00/turn               (ring currently unavailable)
MPRegen 0.12/turn               (ring currently unavailable)

@: short of breath, pig-form, inhibited regen, very quick
A: fast, no casting, (spit acid), AC +7, small, unfitting armour,
(cold-blooded), (acid resistance), clarity, (poison resistance), inhibited
regeneration
a: Renounce Religion, Channel Magic


You were on level 8 of the Dungeon.
You worshipped Sif Muna.
Sif Muna was pleased with you.
You were a filthy swine.
You visited 2 branches of the dungeon, and saw 9 of its levels.

You collected 318 gold pieces.

Inventory:

Hand Weapons
 k - a +1 club of protection
 s - a +4 vampiric spear
Missiles
 l - 4 poisoned darts (quivered)
Armour
 j - a +1 pair of boots (melded)
 p - a +0 cloak (melded)
 r - a +1 hat (melded)
Jewellery
 e - a ring of ice
 f - a ring of ice
 m - a ring of fire
Wands
 b - a wand of mindburst (18)
 t - a wand of iceblast (13)
Scrolls
 c - a scroll of magic mapping
 g - 3 scrolls of identify
 o - a scroll of amnesia
Potions
 a - a potion of mutation
 d - 2 potions of cancellation
 h - 2 potions of brilliance
 i - a potion of curing
 n - a potion of magic
 q - a potion of ambrosia


   Skills:
 - Level 6.0 Fighting
 - Level 6.0 Dodging
 - Level 1.7 Stealth
 * Level 9.9 Unarmed Combat
 + Level 1.0 Spellcasting
 + Level 1.0 Hexes
 + Level 1.1 Ice Magic


You had 4 spell levels left.
You knew the following spells:

 Your Spells              Type           Power      Damage    Failure   Level
a - Confusing Touch       Hex            3%         N/A       45%         3
b - Ozocubu's Armour      Ice            3%         N/A       45%         3

Your spell library contained the following spells:

 Spells                   Type           Power      Damage    Failure   Level
 Slow                     Hex            12%        N/A       17%         1
 Summon Small Mammal      Summ           0%         N/A       26%         1
 Summon Guardian Golem    Hex/Summ       2%         N/A       54%         3
 Call Canine Familiar     Summ           0%         N/A       61%         3
 Vampiric Draining        Necr           0%         2d6       61%         3
 Metabolic Englaciation   Hex/Ice        1%         N/A       99%         5
 Simulacrum               Ice/Necr       1%         N/A       100%        6
 Ozocubu's Refrigeration  Ice            1%         4d5       100%        7


Dungeon Overview and Level Annotations

Branches:
Dungeon (8/15)             Temple (1/1) D:7            Lair (0/6) D:8

Altars:
Ashenzari
Cheibriados
Elyvilon
Fedhas
Hepliaklqana
Nemelex Xobeh
Qazlal
Ru
Sif Muna
Trog
Uskayaw
Vehumet
Wu Jian
Yredelemnul
The Shining One

Shops:
D:1 *

Annotations:
D:8 Psyche


Innate Abilities, Weirdness & Mutations

You are a filthy swine.
You move quickly.
Your equipment is almost entirely melded.
You are incapable of wielding weapons or throwing items.
You cannot cast spells.
((You can spit globs of acid.))
((Your golden yellow scales are hard. (AC +7)))
You cannot fit into any form of body armour.
((You are cold-blooded and may be slowed by cold attacks.))
((You are resistant to acid. (rCorr)))
You possess an exceptional clarity of mind.
((Your system is resistant to poisons. (rPois)))
You do not regenerate when monsters are visible.


Message History

* * * LOW HITPOINT WARNING * * *
You closely miss Psyche.
Psyche mumbles some strange words.
A swirling arc of seething chaos appears!
The arc of chaos hits you! You resist with some effort.
You punch Psyche!
Your tail-slap misses Psyche.
Psyche is moderately wounded.
Psyche hits you with a +3 dagger of chaos.
* * * LOW HITPOINT WARNING * * *
You miss Psyche.
Psyche is moderately wounded.
Psyche misses you.
You hit Psyche but do no damage. Your punch misses Psyche.
Psyche is moderately wounded.
Psyche casts a spell.
Psyche flickers and vanishes!
Deactivating autopickup; reactivate with Ctrl-A.
You punch something! Your punch misses something.
Something hits you but does no damage.
Something tries to affect you, but you resist.
You hear a zap.
Your mind is blasted!
* * * LOW HITPOINT WARNING * * *
Press: ? - help, Shift-Dir - straight line You spit a glob of acid.
Something barely misses you.
Unknown command.
Unknown command.
You miss something. Your punch misses something. Something barely misses you.
You closely miss something. Something hits you but does no damage.
You miss something. Something barely misses you.
You hear a zap.
Your mind is blasted!
* * * LOW HITPOINT WARNING * * *
You hear some strange, mumbled words.
You turn into a filthy swine.
Your +0 cloak melds into your body.
Your +1 hat melds into your body.
Your +1 pair of boots melds into your body.
You hear a zap.
Your mind is blasted!
You die...

### #.. ##### #.#
...# #.# #
###.###.#####.###
#.#...h............
#.#.#.###.####...##
#.....# #.###.....#
###.### #..........
#.# #######.###
#.## #..# ##.#
##+## #.# ##...##


There were no monsters in sight!

Vanquished Creatures
  A steam dragon (D:6)
  An ice beast (D:7)
  2 black bears (D:6)
  2 necrophages (D:7)
  A centaur (D:6)
  5 bullfrogs
  4 scorpions
  A gnoll sergeant (D:8)
  4 killer bees (D:8)
  3 wights (D:6)
  A howler monkey (D:6)
  A jelly (D:3)
  5 hounds
  A centaur skeleton (D:5)
  An orc priest (D:7)
  A bullfrog skeleton (D:6)
  2 iguanas
  An orc wizard (D:7)
  2 killer bee zombies
  A hound zombie (D:5)
  8 gnolls
  8 adders
  An adder skeleton (D:4)
  2 worms
  A dart slug (D:4)
  17 orcs
  2 bats
  11 endoplasms
  7 giant cockroaches
  3 hobgoblins
  2 jackals (D:1)
  5 quokkas
  5 ball pythons
  3 frilled lizards (D:2)
  10 goblins
  17 kobolds
  4 rats
146 creatures vanquished.

Vanquished Creatures (collateral kills)
  An endoplasm (D:4)
1 creature vanquished.

Vanquished Creatures (others)
  4 fungi (D:3)
  11 plants
  12 toadstools (D:3)
27 creatures vanquished.

Grand Total: 174 creatures vanquished

Notes
Turn   | Place    | Note
-------+----------+-------------------------------------------
     0 | D:1      | pkoi the Draconian Monk began the quest for the Orb.
     0 | D:1      | Reached XP level 1. HP: 19/19 MP: 1/1
    46 | D:1      | Found Xarpholill's Assorted Antiques.
   165 | D:1      | Reached XP level 2. HP: 26/26 MP: 2/2
   494 | D:1      | Reached skill level 4 in Unarmed Combat
   996 | D:2      | Reached XP level 3. HP: 31/31 MP: 3/3
  2054 | D:3      | Reached skill level 5 in Unarmed Combat
  2054 | D:3      | Reached XP level 4. HP: 28/38 MP: 4/4
  3003 | D:3      | Noticed a shining eye
  3004 | D:3      | Found a faded altar of an unknown god.
  3005 | D:3      | Noticed an eye of devastation
  3005 | D:3      | Noticed a shining eye
  3005 | D:3      | Noticed a golden eye
  3012 | D:3      | Reached XP level 5. HP: 45/46 MP: 5/5
  3401 | D:4      | Gained mutation: You do not regenerate when monsters are
                  | visible. [potion of mutation]
  3401 | D:4      | Gained mutation: You possess an exceptional clarity of
                  | mind. [potion of mutation]
  3401 | D:4      | Gained mutation: Your system is resistant to poisons.
                  | (rPois) [potion of mutation]
  4664 | D:4      | Reached XP level 6. HP: 52/52 MP: 6/6
  4789 | D:5      | Entered Level 5 of the Dungeon
  4817 | D:5      | Reached skill level 6 in Unarmed Combat
  4968 | D:5      | You fall into a shaft and drop 2 floors!
  5549 | D:6      | Your scales start taking on a golden yellow colour.
  5549 | D:6      | Reached XP level 7. HP: 60/60 MP: 7/7
  5549 | D:6      | Gained mutation: You are resistant to acid. (rCorr) [Yellow
                  | Draconian growth]
  5714 | D:6      | Reached skill level 5 in Fighting
  5863 | D:6      | Noticed a steam dragon
  5880 | D:6      | Killed a steam dragon
  5881 | D:6      | Reached skill level 7 in Unarmed Combat
  6669 | D:5      | Reached XP level 8. HP: 54/69 MP: 8/8
  7450 | D:6      | Reached skill level 8 in Unarmed Combat
  7708 | D:6      | Reached skill level 5 in Dodging
  9178 | D:7      | Reached skill level 9 in Unarmed Combat
  9397 | D:7      | Found a staircase to the Ecumenical Temple.
  9405 | Temple   | Entered the Ecumenical Temple
 10407 | D:7      | Reached XP level 9. HP: 71/75 MP: 9/9
 10574 | Temple   | Became a worshipper of Sif Muna the Loreminder
 10574 | Temple   | Reached * piety under Sif Muna
 10574 | Temple   | Reached ** piety under Sif Muna
 10616 | D:7      | Learned a level 3 spell: Confusing Touch
 10620 | D:7      | Learned a level 3 spell: Ozocubu's Armour
 10704 | D:8      | Found a staircase to the Lair.
 11209 | D:8      | Reached skill level 1 in Ice Magic
 11215 | D:8      | Reached skill level 1 in Spellcasting
 11215 | D:8      | Reached skill level 1 in Hexes
 11372 | D:8      | Noticed Psyche
 11389 | D:8      | Blown up by Psyche

Illustrated notes

Levels and vault maps discovered:
D:1:      sevenhm_arrival_forest_fort_small_6, layout_rooms, serial_shops, shop,
          kennysheep_doodads
D:2:      layout_loops_corners, chequers_garden, lexackson_kobold_supper
D:3:      cheibrodos_fertilizer, layout_loops_ring,
          hellmonk_ecumenical_altar_watching_god
D:4:      layout_loops_cross, minmay_goblin_outpost
D:5:      wad_lake_hut, layout_basic, portal_sewer_entry_f, serial_glass,
          glass_columns_b, glass_columns_a
D:6:      layout_layer_cave, nicolae_figureground_pulse
D:7:      layout_layer_cave, minmay_temple_entry_glassed_door
D:8:      layout_loops_corners, lair_entry_dummy, uniq_psyche
Temple:   regret_index_temple_generic_petals

Skill      XL: |  1  2  3  4  5  6  7  8  9 |
---------------+----------------------------+-----
Unarmed Combat | 4 5 6 7 9 |  9.9
Dodging        | 3 4 6 |  6.0
Fighting       | 4 5 6 |  6.0
Ice Magic      | 1 |  1.1
Spellcasting   | 1 |  1.0
Hexes          | 1 |  1.0
Stealth        | |  1.7

Action                   |  1- 3 |  4- 6 |  7- 9 || total
-------------------------+-------+-------+-------++-------
Melee: Unarmed           |   145 |   207 |   313 ||   665
       Tailslap          |    17 |    24 |    47 ||    88
       Punch             |     5 |    12 |     8 ||    25
 Abil: Breathe Acid      |       |       |     7 ||     7
  Use: Scroll            |       |    11 |     5 ||    16
       Potion            |       |     3 |       ||     3
 Stab: Sleeping          |     3 |     2 |     3 ||     8
Armor: Skin              |    36 |    71 |    97 ||   204
Dodge: Dodged            |    84 |   142 |   227 ||   453
